 Dungeon Crawl Stone Soup version 0.17.0-23-g0de4337 (webtiles) character file.

217 xeno23 the Gusty (level 5, -11/28 HPs)
             Began as a Tengu Air Elementalist on Nov 14, 2015.
             Killed by divine providence
             ... invoked by an orc priest
              (12 damage)
             ... on level 4 of the Dungeon.
             The game lasted 00:12:49 (2619 turns).

xeno23 the Gusty (Tengu Air Elementalist)           Turns: 2619, Time: 00:12:49

Health: -11/28     AC:  2    Str:  8    XL:     5   Next: 94%
Magic:  5/11       EV: 12    Int: 17    God:
Gold:   76         SH:  0    Dex: 14    Spells: 4 memorised, 2 levels left

rFire  . . .     SeeInvis .     (no weapon)
rCold  . . .     Clarity  .     a - +0 robe
rNeg   . . .     SustAt   .     (no shield)
rPois  .         Gourm    .     (helmet restricted)
rElec  .         Spirit   .     (no cloak)
rCorr  .         Warding  .     (no gloves)
rMut   .         Stasis   .     (boots unavailable)
MR     .....                    (no amulet)
Stlth  ++........               (no ring)
                                n - ring of wizardry

@: not resistant to hostile enchantments, unstealthy
A: beak, talons 3, able to fly 1
a: Fly


You were on level 4 of the Dungeon.
You were not hungry.

You visited 1 branch of the dungeon, and saw 4 of its levels.

You collected 76 gold pieces.

Inventory:

Missiles
 e - 8 javelins (quivered)
 s - 10 poisoned needles
Armour
 a - a +0 robe (worn)
Jewellery
 n - a ring of wizardry (left hand)
Wands
 p - a wand of frost (28)
 u - a wand of random effects (28)
Scrolls
 f - 6 scrolls of remove curse
 i - 3 scrolls of enchant weapon
 k - a scroll of random uselessness {unknown}
 l - a scroll of amnesia
 m - a scroll of teleportation
 o - a scroll of magic mapping {unknown}
Potions
 g - a potion of haste {unknown}
 h - 3 potions of heal wounds {unknown}
 j - a potion of lignification {unknown}
 r - a potion of poison {unknown}
 v - a potion of curing {unknown}
Books
 b - a book of Air

   Spells                             Type                      Level
   a - Shock                          Conjuration/Air              1
   b - Swiftness                      Charms/Air                   2
   c - Repel Missiles                 Charms/Air                   2
   d - Static Discharge               Conjuration/Air              3
   e - Lightning Bolt                 Conjuration/Air              5
Comestibles
 c - 3 bread rations
 q - a meat ration


   Skills:
 - Level 2.1 Dodging
 - Level 2.0 Stealth
 + Level 3.4 Spellcasting
 + Level 4.3 Conjurations
 + Level 5.9 Air Magic


You had 2 spell levels left.
You knew the following spells:

 Your Spells              Type           Power        Failure   Level  Hunger
a - Shock                 Conj/Air       ###.         1%          1    None
b - Swiftness             Chrm/Air       ##......     4%          2    ##.....
q - Static Discharge      Conj/Air       ###.....     3%          3    ###....
r - Repel Missiles        Chrm/Air       ##....       4%          2    ##.....


Dungeon Overview and Level Annotations

Branches:
Dungeon (4/15)
 Temple: D:4-7

Altars:


Innate Abilities, Weirdness & Mutations

You have a beak for a mouth.
You have claws for feet.
You can fly.


Message History

The orc priest is severely wounded.
The zap hits the orc.
The orc is severely wounded.
The orc shouts!
The orc priest invokes the aid of Beogh against you.
Pain shoots through your body!
* * * LOW HITPOINT WARNING * * *
A hound zombie comes into view.
You take 9 damage.
Casting: Shock
Confirm with . or Enter, or press ? or * to list all spells.
Aiming: Shock
Press: ? - help, Shift-Dir - straight line, f/p - orc priest
Aim: an orc priest, wielding a mace and wearing a runed chain mail (severely wounded)
The zap hits the orc priest.
The orc priest appears unharmed.
The orc priest is severely wounded.
The zap hits the hound zombie.
The orc priest mumbles some strange prayers to Beogh against you.
Something smites you!
You die...

#.....#
##....#
.######.#.#
..........#
######.###
##'## ##...##
##.....#####
#........@.#
+........##.#
#........#
..#
#........#
⌠.#
##.......#
..#
#.......##
o## #.##...##
.Z ##+# ⌠.


You could see an orc priest and a hound zombie.

Vanquished Creatures
  Natasha (thrice) (D:3)
  The ghost of BLOAX the Grave Robber, a weakling MfNe (D:3)
  8 adders
  An ooze (D:3)
  3 worms (D:3)
  5 giant geckos
  An orc (D:3)
  8 bats
  10 hobgoblins
  8 jackals
  3 quokkas
  6 giant cockroaches
  5 giant newts
  4 goblins (D:1)
  7 kobolds
  8 rats
81 creatures vanquished.

Notes
Turn   | Place    | Note
--------------------------------------------------------------
     0 | D:1      | xeno23 the Tengu Air Elementalist began the quest for the Orb.
     0 | D:1      | Reached XP level 1. HP: 10/10 MP: 4/4
   160 | D:1      | Reached XP level 2. HP: 6/15 MP: 0/6
   708 | D:1      | Reached XP level 3. HP: 19/19 MP: 4/7
  1052 | D:2      | Reached XP level 4. HP: 22/24 MP: 4/9
  1131 | D:2      | Learned a level 3 spell: Static Discharge
  1134 | D:2      | Learned a level 2 spell: Repel Missiles
  1137 | D:2      | Learned a level 2 spell: Swiftness
  1140 | D:2      | Reached skill level 5 in Air Magic
  1642 | D:3      | Noticed a sky beast
  1693 | D:3      | Noticed Natasha
  1709 | D:3      | Gained mutation: You can fly. [Tengu growth]
  1709 | D:3      | Reached XP level 5. HP: 22/28 MP: 5/10
  1710 | D:3      | Killed Natasha
  2017 | D:3      | Noticed BLOAX's ghost (weakling MfNe)
  2025 | D:3      | Killed BLOAX's ghost
  2125 | D:3      | Noticed Natasha
  2127 | D:3      | Killed Natasha
  2271 | D:3      | Noticed Natasha
  2272 | D:3      | Killed Natasha
  2618 | D:4      | HP: 1/28 [orc priest/nerve-wracking pain (9)]
  2619 | D:4      | Killed from afar by an orc priest

Action                   |  1- 3 |  4- 6 || total
-------------------------+-------+-------++-------
Melee: Dagger            |    33 |     6 ||    39
       Unarmed           |       |     6 ||     6
Throw: Javelin           |     2 |     1 ||     3
 Cast: Shock             |    51 |   106 ||   157
       Repel Missiles    |       |     1 ||     1
       Static Discharge  |       |     1 ||     1
 Abil: Fly               |       |     2 ||     2
  Use: Scroll            |       |     4 ||     4
  Eat: Chunk             |     1 |     6 ||     7
